 Dungeon Crawl Stone Soup version 0.30-a0-367-g839099abd5 (webtiles) character file.

Game seed: 2593503326008764498

1357 Elric the Conjurer (level 8, -2/52 HPs)
             Began as an Octopode Conjurer on Nov 18, 2022.
             Was a Follower of Qazlal.
             Slain by a goblin
             ... wielding a +0 spear
              (3 damage)
             ... on level 7 of the Dungeon.
             The game lasted 00:17:58 (8269 turns).

Elric the Conjurer (Octopode Conjurer)              Turns: 8269, Time: 00:18:05

Health: -2/52      AC:  1    Str:  6    XL:     8   Next: 64%
Magic:  3/15       EV: 11    Int: 23    God:    Qazlal [*.....]
Gold:   327        SH:  7    Dex: 10    Spells: 6/17 levels left

rFire   . . .      SeeInvis .    e - +0 trident (freeze)
rCold   . . .      Faith    .    x - +0 kite shield
rNeg    . . .      Spirit   .    (helmet restricted)
rPois   .          Reflect  .    (no amulet)
rElec   .          Harm     .    o - ring of wizardry
rCorr   .          Rampage  .    (no ring)
Will    .....                    (no ring)
Stlth   +++.......               (no ring)
HPRegen 0.28/turn                (no ring)
MPRegen 0.14/turn                (no ring)
                                 (no ring)
                                 (no ring)

@: lethally poisoned (-2 -> -6), slowed, very slow
A: almost no armour, amphibious, 8 rings, camouflage 1, gelatinous body 1,
(nimble swimmer 1), tentacles
a: Renounce Religion


You were on level 7 of the Dungeon.
You worshipped Qazlal.
Qazlal was aware of your devotion.
You visited 1 branch of the dungeon, and saw 7 of its levels.
You also visited: Sewer.

You collected 327 gold pieces.

Inventory:

Hand Weapons
 e - a +0 trident of freezing (weapon)
Missiles
 s - a throwing net
Armour
 x - a +0 kite shield (worn)
Jewellery
 o - a ring of wizardry (left tentacle)
Wands
 c - a wand of polymorph (1)
 m - a wand of roots (1)
 n - a wand of paralysis (9)
Scrolls
 b - a scroll of noise
 g - 5 scrolls of teleportation
 j - a scroll of immolation {unknown}
 k - 7 scrolls of identify
 r - a scroll of poison
 t - a scroll of summoning {unknown}
 u - a scroll of magic mapping
 v - a scroll of butterflies {unknown}
 w - a scroll of fear
Potions
 a - 2 potions of magic
 d - 2 potions of attraction {unknown}
 f - 3 potions of heal wounds {unknown}
 h - 3 potions of curing
 i - a potion of degeneration {unknown}
 l - a potion of haste {unknown}
 p - a potion of brilliance {unknown}
 q - 2 potions of might {unknown}
 z - a potion of flight {unknown}


   Skills:
 + Level 3.3 Fighting
 - Level 2.0 Dodging
 - Level 2.6 Stealth
 + Level 5.1 Spellcasting
 + Level 7.0 Conjurations
 + Level 5.4 Hexes


You had 6 spell levels left.
You knew the following spells:

 Your Spells              Type           Power      Damage    Failure   Level
a - Magic Dart            Conj           100%       1d8       1%          1
b - Searing Ray           Conj           76%        2d7       1%          2
c - Fulminant Prism       Conj/Hex       17%        3d10      11%         4
d - Iskenderun's Mystic   Conj/Tloc      22%        2d6       32%         4

Your spell library contained the following spells:

 Spells                   Type           Power      Damage    Failure   Level
 Dazzling Flash           Conj/Hex       68%        N/A       3%          3
 Stone Arrow              Conj/Erth      44%        3d9       10%         3
 Summon Guardian Golem    Hex/Summ       18%        N/A       13%         3
 Summon Small Mammal      Summ           20%        N/A       14%         1
 Call Canine Familiar     Summ           5%         N/A       38%         3
 Ignite Poison            Fire/Tmut/Pois 5%         N/A       38%         3
 Spider Form              Tmut/Pois      5%         N/A       38%         3
 Petrify                  Tmut/Erth      5%         N/A       77%         4


Dungeon Overview and Level Annotations

Branches:
Dungeon (7/15)              Sewer (visited)
 Temple: D:4-7

Altars:
Cheibriados
Hepliaklqana
Makhleb
Qazlal
Ru
Trog
Wu Jian
Xom
The Shining One

Shops:
D:1 [[   D:7 (


Innate Abilities, Weirdness & Mutations

You cannot wear most types of armour.
You are amphibious.
You can wear up to eight rings at the same time.
Your skin changes colour to match your surroundings (Stealth+).
Your rubbery body absorbs attacks. (AC +1, EV +1)
((You are camouflaged when in or above water. (Stealth+)))
You have tentacles for arms and can constrict up to eight enemies at once.


Message History

Confirm with . or Enter, or press ? or * to list all spells.
Aiming: Fulminant Prism (dangerous; 11% risk of failure)
Press: ? - help, Dir - move target You conjure a prism of explosive energy!
A fulminant prism comes into view.
The hornet attacks as you move away! The hornet stings you.
You feel yourself slow down. The hornet barely misses you.
Your fulminant prism crackles loudly.
Casting: Fulminant Prism (dangerous; 11% risk of failure)
Confirm with . or Enter, or press ? or * to list all spells.
Aiming: Magic Dart (safe; 1% risk of failure)
Press: ? - help, Shift-Dir - straight line, f - hornet
Aim: a hornet (ally target, 100% to hit)
The magic dart hits the hornet.
The hornet is lightly wounded.
The hornet stings you.
You feel as though you will be slow longer.
A goblin comes into view. It is wielding a +0 spear.
The hornet stings you!
You feel as though you will be slow longer.
Your fulminant prism explodes!
The blast of energy engulfs the hornet!
The hornet is severely wounded.
Casting: Magic Dart (safe; 1% risk of failure)
Confirm with . or Enter, or press ? or * to list all spells.
Aiming: Fulminant Prism (dangerous; 11% risk of failure)
Press: ? - help, Dir - move target, p - hornet You conjure a prism of explosive energy!
A fulminant prism comes into view.
The hornet closely misses you. You block the hornet's attack.
The hornet stings you!
You are poisoned.
You feel as though you will be slow longer.
The hornet attacks as you move away! The hornet stings you!
* * * LOW HITPOINT WARNING * * *
You feel as though you will be slow longer.
* * * LOW HITPOINT WARNING * * *
You feel very sick.
Your fulminant prism crackles loudly.
The goblin hits you from afar with a +0 spear.
You die...

##...#.....###......##...#
###...#...................#
#.....#......#.....#.....##
...y..#.#.........###..###
##......#..........####.##
###.........#..*....##..#####
##........##g.............##
##..###.#.##y.............#
..##......@.###.........##
..##......☼..#...........#
..##............##......#
.....?..........†...##
...................##
.......###.#....<### .......
#..##....### ...#...
...).......## ....)###[...##


You could see a hornet (ally target), a goblin and a friendly fulminant prism.

Vanquished Creatures
  A steam dragon (D:7)
  A water moccasin (D:6)
  2 ice beasts (D:6)
  2 scorpions
  A necrophage (D:4)
  A gnoll bouda (D:6)
  A hound (D:5)
  3 jellies
  An orc priest (D:5)
  Terence (D:3)
  5 iguanas
  An orc wizard (D:5)
  Natasha (thrice) (D:2)
  Robin (D:3)
  9 adders
  3 gnolls (D:6)
  5 river rats (Sewer)
  3 white imps
  A worm (D:4)
  4 dart slugs
  10 orcs
  7 endoplasms
  7 giant cockroaches
  18 goblins
  8 hobgoblins
  4 jackals (D:1)
  9 kobolds
  11 quokkas
  6 ball pythons
  9 bats
  15 frilled lizards
  2 rats
  A fulminant prism (D:6)
156 creatures vanquished.

Vanquished Creatures (others)
  27 fulminant prisms
  8 plants (D:5)
35 creatures vanquished.

Grand Total: 191 creatures vanquished

Notes
Turn   | Place    | Note
-------+----------+-------------------------------------------
     0 | D:1      | Elric the Octopode Conjurer began the quest for the Orb.
     0 | D:1      | Reached XP level 1. HP: 11/11 MP: 3/3
   224 | D:1      | Found Ynyepiy's Armour Shoppe.
   235 | D:1      | Reached XP level 2. HP: 11/17 MP: 0/5
   455 | D:1      | Learned a level 2 spell: Searing Ray
   890 | D:1      | Reached XP level 3. HP: 15/21 MP: 4/6
   999 | D:1      | Found Tooph's Antique Armour Emporium.
  1013 | D:1      | Got the Vademecum on the Mountains and Pollution
  1427 | D:2      | Reached skill level 5 in Conjurations
  1680 | D:2      | Reached XP level 4. HP: 27/27 MP: 6/8
  1830 | D:2      | Learned a level 4 spell: Fulminant Prism
  2026 | D:2      | Identified the +1 leather armour of Perfidy {Str-2 Dex+5}
  2107 | D:3      | Noticed Natasha
  2114 | D:2      | Killed Natasha
  2115 | D:2      | Reached skill level 1 in Hexes
  2185 | D:2      | Noticed Natasha
  2197 | D:2      | Killed Natasha
  2198 | D:2      | Reached XP level 5. HP: 27/31 MP: 2/9
  2323 | D:2      | Noticed Natasha
  2331 | D:2      | Killed Natasha
  2808 | D:3      | Noticed Terence
  2816 | D:3      | Killed Terence
  2954 | D:3      | Identified the +9 plate armour of Dixuxuo {Int+2}
  3049 | D:3      | Noticed Robin
  3115 | D:3      | Killed Robin
  3118 | D:3      | Reached XP level 6. HP: 25/36 MP: 1/11
  3306 | D:3      | Found a glowing golden altar of the Shining One.
  3772 | D:4      | Found a glowing drain.
  3785 | Sewer    | Entered a sewer
  4523 | D:4      | Found a sacrificial altar of Ru.
  4739 | D:4      | Found a hazy altar of Hepliaklqana.
  4843 | D:4      | Found an ornate altar of the Wu Jian Council.
  4883 | D:4      | Found a snail-covered altar of Cheibriados.
  4905 | D:4      | Found a stormy altar of Qazlal.
  4906 | D:4      | Found a bloodstained altar of Trog.
  4914 | D:4      | Became a worshipper of Qazlal Stormbringer
  4955 | D:5      | Entered Level 5 of the Dungeon
  5162 | D:5      | Reached XP level 7. HP: 30/41 MP: 1/12
  5357 | D:5      | Reached skill level 6 in Conjurations
  5520 | D:5      | Learned a level 4 spell: Iskenderun's Mystic Blast
  5686 | D:5      | Reached skill level 1 in Fighting
  6367 | D:6      | HP: 2/43 [ice beast (12)]
  6665 | D:6      | Reached XP level 8. HP: 50/50 MP: 4/14
  6944 | D:6      | Found a burning altar of Makhleb.
  7009 | D:6      | Found a shimmering altar of Xom.
  7080 | D:6      | Reached skill level 5 in Hexes
  7243 | D:6      | Reached * piety under Qazlal
  7932 | D:7      | Reached skill level 5 in Spellcasting
  7972 | D:7      | Reached skill level 7 in Conjurations
  8121 | D:7      | Found Qewel's Weapon Emporium.
  8140 | D:7      | Noticed a hornet
  8269 | D:7      | HP: 1/52 [poisoned by a hornet]
  8269 | D:7      | Slain by a goblin

Illustrated notes

Levels and vault maps discovered:
D:1:      ebering_trefoil_twist, layout_loops_corners, serial_shops, shop,
          nicolae_shop_competitors_out_of_business, nicolae_titane
D:2:      layout_basic, minmay_tiny_reverse_x
D:3:      wad_river_or_something, layout_rooms, tso_oasis_becter,
          dk_noncrumbling_4, uniq_natasha, uniq_terence, uniq_robin
D:4:      layout_rooms, cheibriados_altar_1, lemuel_coloured_pillars_altar,
          general_overflow_altar, nicolae_ru_great_annihilating_truth,
          nicolae_overflow_two_pavilions, portal_sewer_entry_f
D:5:      layout_loops_cross, minmay_lizard_king
D:6:      layout_basic, dk_xom_monty_hall, mainiacjoe_overflow_alcove_4
D:7:      layout_cave_pools, mainiacjoe_overflow_paths,
          nicolae_elyvilon_temple_path, minmay_temple_entry_proselytizer,
          serial_shops, shop, enter_bailey_4, grunt_decor_arrowhead

Skill      XL: |  1  2  3  4  5  6  7  8 |
---------------+-------------------------+-----
Conjurations   | 5 6 7 |  7.0
Hexes          | 1 2 4 5 |  5.4
Spellcasting   | 3 4 5 |  5.1
Fighting       | 2 3 |  3.3
Dodging        | |  2.0
Stealth        | |  2.6

Action                   |  1- 3 |  4- 6 |  7- 9 || total
-------------------------+-------+-------+-------++-------
Melee: Unarmed           |     4 |       |       ||     4
       Constrict         |     2 |     3 |     2 ||     7
       Tentacles         |     1 |     1 |     2 ||     4
       Trident           |     4 |    15 |     7 ||    26
 Cast: Magic Dart        |    55 |   119 |    63 ||   237
       Searing Ray       |     2 |    15 |     5 ||    22
       Fulminant Prism   |       |     2 |    27 ||    29
       Iskenderun's Myst |       |       |     2 ||     2
  Use: Scroll            |       |     9 |     1 ||    10
       Potion            |       |       |     2 ||     2
 Stab: Sleeping          |     1 |       |       ||     1
Armor: Skin              |       |     3 |     2 ||     5
Dodge: Dodged            |     5 |    27 |    21 ||    53
Block: Kite shield       |       |       |     7 ||     7

Table legend: (Time is in decaauts)
 A = Elapsed time spent in this place.
 B = Non-inter-level travel time spent in this place.
 C = Inter-level travel time spent in this place.
 D = Time resting spent in this place.
 E = Time spent auto-exploring this place.
 F = Levels seen in this place.
 G = Mean time per level.
                   A        B        C        D        E       F      G
               +--------+--------+--------+--------+--------+-----+--------+
         Total |   8281 |   7821 |    460 |   1076 |   5859 |   8 | 1035.1 |
       Dungeon |   7728 |   7268 |    460 |    902 |   5567 |   7 | 1104.0 |
         Sewer |    552 |    552 |      0 |    174 |    292 |   1 |  552.0 |
               +--------+--------+--------+--------+--------+-----+--------+

Top non-repeatable levels by time:
     D:6: 1620 daAuts
     D:1: 1228 daAuts
     D:5: 1221 daAuts
     D:3: 1213 daAuts
     D:2: 1172 daAuts
     D:4: 926 daAuts
   Sewer: 552 daAuts
     D:7: 345 daAuts
